 Dungeon Crawl Stone Soup version 0.19.3-1-g3169bf9 (webtiles) character file.

4132 Naow the Grappler (level 10, -3/102 HPs)
             Began as a Troll Monk on Jan 25, 2017.
             Was a High Priest of Okawaru.
             Slain by a warg (9 damage)
             ... on level 8 of the Dungeon.
             The game lasted 00:11:09 (6765 turns).

Naow the Grappler (Troll Monk)                      Turns: 6765, Time: 00:11:09

Health: -3/102     AC:  5    Str: 22 (24) XL:     10   Next: 6%
Magic:  9/9        EV: 10    Int:  4 (6)  God:    Okawaru [*****.]
Gold:   280        SH:  5    Dex: 10 (12) Spells: 0 memorised, 9 levels left

rFire  + . .     SeeInvis .       - Unarmed
rCold  . . .     Gourm    +     a - +0 robe
rNeg   . . .     Faith    .     (no shield)
rPois  .         Spirit   .     (helmet restricted)
rElec  .         Reflect  +     (no cloak)
rCorr  .         Harm     .     (gloves unavailable)
MR     .....                    (boots unavailable)
Stlth  +.........               y - +5 amulet of reflection
                                (no ring)
                                F - ring of protection from fire

@: flying
A: unfitting armour, claws 3, fast metabolism 3, gourmand, regeneration 1,
shaggy fur 1, tough skin 2
a: Heroism, Finesse, Renounce Religion


You were on level 8 of the Dungeon.
You worshipped Okawaru.
Okawaru was extremely pleased with you.
You were completely stuffed.

You visited 2 branches of the dungeon, and saw 9 of its levels.

You collected 428 gold pieces.
You spent 148 gold pieces at shops.

Inventory:

Armour
 a - a +0 robe (worn)
 n - a +0 buckler
Jewellery
 y - a +5 amulet of reflection (around neck)
 A - an uncursed amulet of regeneration {unknown}
 F - a ring of protection from fire (left claw)
Wands
 h - a wand of random effects (17/48)
 x - a wand of random effects (19/48)
Scrolls
 c - 2 scrolls of magic mapping {unknown}
 d - 5 scrolls of remove curse
 e - 2 scrolls of fog {unknown}
 g - 6 scrolls of identify {unknown}
 i - 3 scrolls of noise {unknown}
 j - a scroll of random uselessness {unknown}
 k - 3 scrolls of enchant armour
 m - a scroll of enchant weapon {unknown}
 p - 2 scrolls of blinking {unknown}
 t - 6 scrolls of teleportation
 w - 2 scrolls of amnesia {unknown}
 B - a scroll of immolation {unknown}
Potions
 l - a potion of flight
 q - a potion of degeneration
 u - 2 potions of curing
 v - a potion of ambrosia {unknown}
 z - a potion of might {unknown}
Books
 s - a book of Changes

   Spells                             Type                      Level
   a - Beastly Appendage              Transmutation                1
   b - Sticks to Snakes               Transmutation                2
   c - Spider Form                    Transmutation/Poison         3
   d - Ice Form                       Ice/Transmutation            4
   e - Blade Hands                    Transmutation                5
Comestibles
 b - 11 bread rations
 f - 4 beef jerkies
 o - a meat ration
 r - a slice of pizza
 C - a royal jelly
 D - 9 chunks of flesh


   Skills:
 + Level 7.4 Fighting
 - Level 2.4 Dodging
 - Level 1.0 Stealth
 * Level 12.1 Unarmed Combat


You had 9 spell levels left.
You didn't know any spells.

Dungeon Overview and Level Annotations

Branches:
Dungeon (8/15)             Temple (1/1) D:5
   Lair: D:8-11

Altars:
Ashenzari
Cheibriados
Dithmenos
Elyvilon
Fedhas
Gozag
Hepliaklqana
Kikubaaqudgha
Makhleb
Nemelex Xobeh
Okawaru
Qazlal
Ru
Sif Muna
Trog
Uskayaw
Vehumet
Xom
Yredelemnul
Zin
The Shining One

Shops:
D:2 *   D:6 ?   D:8 *


Innate Abilities, Weirdness & Mutations

You are too large for most types of armour.
You have claws for hands.
Your metabolism is lightning-fast.
You like to eat raw meat.
Your natural rate of healing is unusually fast.
You are covered in fur. (AC +1)
You have very tough skin. (AC +2)


Message History

The warg bites you!
* * * LOW HITPOINT WARNING * * *
You scratch the warg but do no damage.
The warg is severely wounded.
The orc priest hits you from afar with a trident.
* * * LOW HITPOINT WARNING * * *
The warg pauses to sniff the ground.
The warg barely misses you.
The orc priest mumbles some strange prayers to Beogh against you.
Beogh smites you!
* * * LOW HITPOINT WARNING * * *
It was a potion of degeneration.
There was something very wrong with that liquid.
You feel weakened.
You feel dopey.
You feel clumsy. The warg bites you!
* * * LOW HITPOINT WARNING * * *
It was a potion of flight.
You feel very buoyant.
You fly up into the air.
The warg bites you!
You die...

.(......##.o#### ##.#.#######
∩........#..(.# #.......$.#
)).......#.##...###....$....#
...........# ##h............#
..........########)o........#
........#....h..)oo..((([...#
....(.........#####.........#
...........##o#####.........#
....##.....##oZh@##..?.....>#
..#..#.#...#####.####.#.#####
...........# #.# #.#.# #.#
#.#.# ... ..#.. ... ....
.....


You could see a warg, an orc priest, an orc and a hound skeleton.

Vanquished Creatures
  Pikel (D:6)
  Grinder (D:6)
  A hippogriff (D:7)
  Sigmund (D:4)
  A spriggan (D:7)
  Eustachio (D:4)
  Edmund (D:6)
  2 wargs (D:8)
  2 black bears (D:7)
  2 orc warriors
  A sky beast (D:8)
  3 phantoms (D:7)
  A necrophage (D:8)
  3 ogres
  3 centaurs
  Blork the orc (D:6)
  A bullfrog (D:7)
  2 scorpions
  4 wights
  A howler monkey (D:5)
  2 crimson imps
  3 orc priests
  5 hounds
  5 orc wizards
  A bullfrog skeleton (D:8)
  3 iguanas
  4 worker ants
  A killer bee zombie (D:4)
  Robin (D:4)
  9 gnolls
  7 adders
  2 oozes
  3 worms
  2 dart slugs
  3 leopard geckos
  12 orcs
  2 ball pythons (D:1)
  3 giant cockroaches
  12 goblins
  8 hobgoblins
  7 jackals
  4 kobolds
  A quokka (D:7)
  2 bats
  A frilled lizard (D:2)
  A quokka skeleton (D:4)
  5 rats
142 creatures vanquished.

Vanquished Creatures (others)
  2 slaves (D:6)
  An orc wizard (D:6)
  An adder (D:6)
  3 orcs (D:6)
7 creatures vanquished.

Grand Total: 149 creatures vanquished

Notes
Turn   | Place    | Note
-------+----------+-------------------------------------------
     0 | D:1      | Naow the Troll Monk began the quest for the Orb.
     0 | D:1      | Reached XP level 1. HP: 22/22 MP: 0/0
   276 | D:1      | Reached XP level 2. HP: 29/29 MP: 1/1
   818 | D:2      | Found an opulent altar of Gozag.
   820 | D:2      | Found Gozag's Platinum Reserve.
   986 | D:2      | Reached XP level 3. HP: 36/36 MP: 2/2
   987 | D:2      | Reached skill level 4 in Unarmed Combat
  1437 | D:4      | Noticed Eustachio
  1437 | D:4      | Noticed an ogre
  1454 | D:4      | Killed an ogre
  1454 | D:4      | Reached skill level 5 in Unarmed Combat
  1454 | D:4      | Reached XP level 4. HP: 44/45 MP: 3/3
  1454 | D:4      | Reached XP level 5. HP: 52/53 MP: 4/4
  1479 | D:4      | Killed Eustachio
  1479 | D:4      | Reached skill level 6 in Unarmed Combat
  1479 | D:4      | Reached XP level 6. HP: 26/62 MP: 5/5
  1660 | D:4      | Noticed Sigmund
  1668 | D:4      | Killed Sigmund
  1668 | D:4      | Reached XP level 7. HP: 63/70 MP: 6/6
  1679 | D:4      | Reached skill level 7 in Unarmed Combat
  2136 | D:4      | Noticed Robin
  2165 | D:4      | Killed Robin
  3620 | D:5      | Entered Level 5 of the Dungeon
  3635 | D:5      | Found a staircase to the Ecumenical Temple.
  3647 | Temple   | Entered the Ecumenical Temple
  3901 | Temple   | Became a worshipper of Warmaster Okawaru
  3901 | Temple   | Reached * piety under Okawaru
  3901 | Temple   | Reached ** piety under Okawaru
  4408 | D:5      | Reached skill level 5 in Fighting
  4408 | D:5      | Reached skill level 8 in Unarmed Combat
  4554 | D:5      | Reached XP level 8. HP: 56/80 MP: 7/7
  4645 | D:6      | Noticed Blork the orc
  4657 | D:6      | Killed Blork the orc
  4793 | D:6      | Noticed Pikel
  4803 | D:6      | Killed Pikel
  4803 | D:6      | Reached skill level 9 in Unarmed Combat
  4953 | D:6      | Noticed Grinder
  4959 | D:6      | Killed Grinder
  4959 | D:6      | Reached *** piety under Okawaru
  4981 | D:6      | Found Ynkud's Magic Scroll Shoppe.
  4993 | D:6      | Bought a scroll of remove curse for 33 gold pieces
  4993 | D:6      | Bought a scroll of enchant armour for 82 gold pieces
  4993 | D:6      | Bought a scroll of teleportation for 33 gold pieces
  5101 | D:6      | Reached skill level 10 in Unarmed Combat
  5198 | D:6      | Noticed Edmund
  5208 | D:6      | Killed Edmund
  5208 | D:6      | Reached XP level 9. HP: 56/89 MP: 8/8
  6103 | D:7      | Reached **** piety under Okawaru
  6196 | D:7      | Reached skill level 11 in Unarmed Combat
  6601 | D:8      | Found Tayseumm's Assorted Antiques.
  6732 | D:8      | Reached ***** piety under Okawaru
  6732 | D:8      | Reached XP level 10. HP: 67/102 MP: 9/9
  6744 | D:8      | Reached skill level 12 in Unarmed Combat
  6747 | D:8      | HP: 1/102 [orc priest/divine providence (12)]
  6764 | D:8      | HP: 5/102 [warg (7)]
  6765 | D:8      | Slain by a warg

Skill      XL: |  1  2  3  4  5  6  7  8  9 10 |
---------------+-------------------------------+-----
Unarmed Combat | 5 6 8 10 11 12 | 12.1
Fighting       | 3 4 5 6 7 |  7.4
Dodging        | |  2.4
Stealth        | |  1.0

Action                   |  1- 3 |  4- 6 |  7- 9 | 10-12 || total
-------------------------+-------+-------+-------+-------++-------
Melee: Unarmed           |    73 |    29 |   327 |    18 ||   447
       Punch             |       |       |    17 |     1 ||    18
Invok: Heroism           |       |       |     1 |     1 ||     2
  Use: Potion            |     1 |       |       |     4 ||     5
 Stab: Sleeping          |       |     1 |     4 |       ||     5
       Distracted        |       |       |     1 |       ||     1
  Eat: Chunk             |    19 |     2 |    46 |       ||    67
Armor: Robe              |    23 |     2 |    74 |     2 ||   101
Dodge: Dodged            |    31 |     6 |   141 |    14 ||   192
Block: Other             |       |       |    27 |     4 ||    31
       Reflection        |       |       |     3 |       ||     3
